 Dungeon Crawl Stone Soup version 0.21-a0-440-g28109cb (webtiles) character file.

119 slep the Slasher (level 4, -1/34 HPs)
             Began as a Demonspawn Gladiator on Nov 11, 2017.
             Slain by a white imp (5 damage)
             ... summoned by Natasha
             ... on level 2 of the Dungeon.
             The game lasted 00:06:24 (1455 turns).

slep the Slasher (Demonspawn Gladiator)             Turns: 1455, Time: 00:06:25

Health: -1/34      AC:  6    Str: 14    XL:     4   Next: 73%
Magic:  4/4        EV: 13    Int:  9    God:
Gold:   91         SH:  0    Dex: 16    Spells: 3/3 levels left

rFire    . . .     SeeInvis .   a - +0 long sword
rCold    . . .     Gourm    .   (no shield)
rNeg     . . .     Faith    .   r - +1 animal skin
rPois    .         Spirit   .   c - +0 helmet
rElec    .         Reflect  .   (no cloak)
rCorr    .         Harm     .   (no gloves)
MR       .....                  (no boots)
Stlth    +.........             (no amulet)
HPRegen  0.11/turn              (no ring)
MPRegen  0.09/turn              (no ring)

@: no status effects
A: iridescent scales 1
a: no special abilities


You were on level 2 of the Dungeon.
You were not hungry.

You visited 1 branch of the dungeon, and saw 2 of its levels.

You collected 91 gold pieces.

Inventory:

Hand Weapons
 a - a +0 long sword (weapon)
Missiles
 d - 3 throwing nets (quivered)
Armour
 b - a +0 leather armour
 c - a +0 helmet (worn)
 r - a +1 animal skin (worn)
Scrolls
 h - 5 scrolls of identify {unknown}
 j - a scroll of enchant armour {unknown}
 k - 2 scrolls of remove curse {unknown}
 m - 2 scrolls of fog {unknown}
 n - a scroll of magic mapping {unknown}
 o - a scroll of amnesia {unknown}
 s - a scroll of random uselessness {unknown}
Potions
 e - a potion of magic {unknown}
 g - 2 potions of agility {unknown}
 i - 2 potions of berserk rage {unknown}
 p - 2 potions of curing {unknown}
 q - a potion of flight {unknown}
 t - a potion of cancellation {unknown}
Comestibles
 f - 2 bread rations
 l - a fruit


   Skills:
 + Level 2.7 Fighting
 + Level 4.1 Long Blades
 + Level 1.9 Throwing
 + Level 0.8 Armour
 + Level 3.1 Dodging


You had 3 spell levels left.
You didn't know any spells.

Dungeon Overview and Level Annotations

Branches:
Dungeon (2/15)

Altars:

Annotations:
D:2 Natasha


Innate Abilities, Weirdness & Mutations

You are partially covered in iridescent scales. (AC +2)


Message History

You kill the frilled lizard!
Natasha mumbles some strange words.
You hit the dart slug.
The dart slug is moderately wounded.
The dart slug closely misses you. The white imp hits you.
The white imp freezes you.
You slash the dart slug!
You kill the dart slug!
Natasha claws you but does no damage. The white imp hits you.
The white imp freezes you. Natasha claws you but does no damage.
You closely miss Natasha. The white imp gestures at you.
The puff of frost hits you! Natasha claws you.
You miss Natasha. The white imp hits you. The white imp freezes you.
* * * LOW HITPOINT WARNING * * *
Natasha claws you but does no damage.
You barely miss Natasha. The white imp hits you.
* * * LOW HITPOINT WARNING * * *
The white imp freezes you.
You die...

####.......# # ##......#
# ###########...)#.#
#.........#.#.##.### #
#.......# #........#
##.##.......# #.........
............#.#...#.....
......h.....#.#.........
#.†@......##...###.#
#..##5....####..#....#
#. #†###......###.###
#.# #######.#.## ..#
.......(.## #...
############## ..##
##......# ... #.......#
##. #..####..


You could see Natasha and a white imp.

Vanquished Creatures
  Natasha (D:2)
  Robin (D:2)
  3 adders (D:2)
  2 worms (D:2)
  3 dart slugs (D:2)
  2 giant cockroaches
  8 goblins
  11 hobgoblins (D:2)
  A ball python (D:1)
  2 bats
  3 frilled lizards
  3 kobolds
  5 rats
45 creatures vanquished.

Notes
Turn   | Place    | Note
-------+----------+-------------------------------------------
     0 | D:1      | slep the Demonspawn Gladiator began the quest for the Orb.
     0 | D:1      | Reached XP level 1. HP: 16/16 MP: 1/1
   303 | D:1      | Reached skill level 3 in Long Blades
   472 | D:1      | Gained mutation: You are partially covered in iridescent scales. (AC +2) [demonic ancestry]
   472 | D:1      | Reached XP level 2. HP: 22/22 MP: 2/2
   879 | D:2      | Noticed Robin
   897 | D:2      | Reached XP level 3. HP: 18/27 MP: 3/3
   916 | D:2      | Killed Robin
  1045 | D:2      | Reached XP level 4. HP: 12/34 MP: 4/4
  1076 | D:2      | Noticed Natasha
  1084 | D:2      | Killed Natasha
  1143 | D:2      | Reached skill level 4 in Long Blades
  1448 | D:2      | Noticed Natasha
  1455 | D:2      | Slain by a white imp

Vault maps used:
D:1:      sevenhm_arrival_forest_fort_large_2
D:2:      first_bread, nrook_uturn, minmay_tetromino_l4, uniq_natasha,
          uniq_robin

Skill      XL: |  1  2  3  4 |
---------------+-------------+-----
Long Blades    | 3 4 |  4.1
Dodging        | 3 |  3.1
Fighting       | |  2.7
Throwing       | |  1.9
Armour         | |  0.8

Action                   |  1- 3 |  4- 6 || total
-------------------------+-------+-------++-------
Melee: Long sword        |    88 |    32 ||   120
  Eat: Chunk             |     1 |     1 ||     2
Armor: Leather armour    |    21 |       ||    21
       Animal skin       |     4 |     9 ||    13
Dodge: Dodged            |    70 |    18 ||    88
       Rpst.: Long sword |    32 |     4 ||    36

Table legend:
 A = Spawn XP
 B = Non-spawn XP
 C = Spawn XP percentage of total XP
 D = Spawn monster count
 E = Non-spawn monster count
 F = Spawn count percentage of total count
 G = Total turns spent on level
                    A         B        C        D         E        F      G
               +---------+---------+-------+---------+---------+-------+---------
         Total |       0 |     170 |   0.0 |       0 |      45 |   0.0 |  1455
               +---------+---------+-------+---------+---------+-------+---------
           D:1 |       0 |      13 |   0.0 |       0 |       9 |   0.0 |   719
           D:2 |       0 |     157 |   0.0 |       0 |      36 |   0.0 |   736
               +---------+---------+-------+---------+---------+-------+---------
